 Dungeon Crawl Stone Soup version 0.19-a0-1922-g1e9a4c1 (webtiles) character file.

756 sleepydude the Shield-Bearer (level 8, -3/62 HPs)
             Began as a Formicid Fighter on Oct 25, 2016.
             Was an Initiate of Okawaru.
             Killed by nerve-wracking pain
             ... invoked by an orc priest
              (13 damage)
             ... on level 5 of the Dungeon.
             The game lasted 00:16:20 (5412 turns).

sleepydude the Shield-Bearer (Formicid Fighter)     Turns: 5412, Time: 00:16:21

Health: -3/62      AC: 10    Str: 24    XL:     8   Next: 7%
Magic:  8/8        EV:  7    Int:  7    God:    Okawaru [......]
Gold:   355        SH:  0    Dex: 10    Spells: 0 memorised, 7 levels left

rFire  . . .     SeeInvis +     a - +0 flail
rCold  . . .     Gourm    .     n - +0 chain mail
rNeg   . . .     Faith    .     c - +0 shield
rPois  .         Spirit   .     (helmet unavailable)
rElec  .         Reflect  .     (no cloak)
rCorr  .         Harm     .     (no gloves)
MR     .....                    (no boots)
Stlth  ..........               d - amulet of rage
                                (no ring)
                                (no ring)

@: confused
A: permanent stasis, dig shafts and tunnels, four strong arms, antennae 3
a: Dig, Shaft Self, Renounce Religion


You were on level 5 of the Dungeon.
You worshipped Okawaru.
Okawaru was noncommittal.
You were not hungry.

You visited 2 branches of the dungeon, and saw 6 of its levels.

You collected 355 gold pieces.

Inventory:

Hand Weapons
 a - a +0 flail (weapon)
Armour
 c - a +0 shield (worn)
 n - a +0 chain mail (worn)
Jewellery
 d - an amulet of rage (around neck)
Wands
 i - a wand of lightning (10/15)
 q - a wand of teleportation (6/9)
Scrolls
 b - a scroll of enchant armour {unknown}
 e - a scroll of recharging {unknown}
 g - 2 scrolls of random uselessness {unknown}
 h - 8 scrolls of identify {unknown}
 j - a scroll of noise {unknown}
 k - a scroll of fog {unknown}
 m - 2 scrolls of remove curse {unknown}
 o - a scroll of blinking {unknown}
 r - a scroll of fear {unknown}
 s - a scroll of amnesia {unknown}
 t - a scroll of immolation {unknown}
 v - a scroll of teleportation {unknown}
Potions
 p - 2 potions of cancellation
 w - a potion of ambrosia {unknown}
Comestibles
 f - 4 bread rations
 l - a meat ration
 u - 3 fruits
 x - 4 chunks of flesh


   Skills:
 + Level 5.2 Fighting
 * Level 5.4 Maces & Flails
 + Level 5.5 Armour
 + Level 5.6 Shields


You had 7 spell levels left.
You didn't know any spells.

Dungeon Overview and Level Annotations

Branches:
Dungeon (5/15)             Temple (1/1) D:4

Altars:
Ashenzari
Cheibriados
Dithmenos
Elyvilon
Fedhas
Gozag
Kikubaaqudgha
Nemelex Xobeh
Okawaru
Ru
Sif Muna
Trog
Uskayaw
Vehumet
Xom
Yredelemnul
Zin
The Shining One


Innate Abilities, Weirdness & Mutations

You are under a permanent stasis effect.
You can dig through walls and to a lower floor.
Your four strong arms can wield two-handed weapons with a shield.
You have a pair of large antennae on your head. (SInv)


Message History

The crimson imp blinks!
The orc priest miscasts a cantrip.
The orc wizard closely misses you. The orc barely misses you.
The orc priest hits you but does no damage.
The crimson imp grins evilly.
The crimson imp hits you but does no damage.
The crimson imp hits you but does no damage.
The crimson imp blinks!
You're too confused to move!
The orc priest calls down the wrath of Beogh upon you.
Pain shoots through your body!
* * * LOW HITPOINT WARNING * * *
The orc wizard casts a spell at you.
You easily resist.
The crimson imp blinks!
You're too confused!
You hit the orc priest but do no damage.
The orc priest is almost dead.
The orc priest mumbles some strange prayers to Beogh against you.
Pain shoots through your body!
You die...

#.. ... .. .. #. ##'#
##.######...# +..).........
#............ #...ooo......
#...ยง@....... ###
##....##....# ####
#...###....##....###...##
#..........#....<.......#
#........55#............#
#..........#.......<....+
#..........#.......<....#
############..###....#######
##..##.).#####'###....##....##


You could see an orc priest, an orc wizard, 2 crimson imps and an orc.

Vanquished Creatures
  A phantom (D:4)
  The ghost of avis the Ruffian, an amateur DrTm (D:3)
  The ghost of TheHza the Slasher, an amateur DsGl (D:4)
  A howler monkey (D:4)
  2 orc wizards
  5 orc priests
  Terence (D:3)
  3 worker ants (D:4)
  A worker ant zombie (D:5)
  7 adders
  An ooze (D:2)
  2 worms
  A dart slug (D:3)
  2 leopard geckos
  12 orcs
  9 bats
  5 giant cockroaches
  9 goblins
  6 hobgoblins
  3 jackals (D:2)
  3 quokkas
  4 frilled lizards
  A jackal skeleton (D:3)
  6 kobolds
  4 rats
91 creatures vanquished.

Vanquished Creatures (others)
  A fungus (D:3)
1 creature vanquished.

Grand Total: 92 creatures vanquished

Notes
Turn   | Place    | Note
-------+----------+-------------------------------------------
     0 | D:1      | sleepydude the Formicid Fighter began the quest for the Orb.
     0 | D:1      | Reached XP level 1. HP: 18/18 MP: 1/1
   180 | D:1      | Reached XP level 2. HP: 21/24 MP: 2/2
   551 | D:1      | Reached XP level 3. HP: 28/29 MP: 3/3
  1163 | D:2      | Found a deep blue altar of Sif Muna.
  1196 | D:2      | Found a basalt altar of Yredelemnul.
  1353 | D:2      | Reached XP level 4. HP: 35/35 MP: 4/4
  1714 | D:3      | Reached XP level 5. HP: 5/42 MP: 5/5
  2031 | D:3      | Found a sacrificial altar of Ru.
  2124 | D:3      | Noticed Terence
  2147 | D:3      | Killed Terence
  2909 | D:3      | Noticed avis's ghost (amateur DrTm)
  2928 | D:3      | Killed avis's ghost
  2928 | D:3      | Reached XP level 6. HP: 43/48 MP: 6/6
  3322 | D:4      | Reached skill level 5 in Shields
  3482 | D:4      | Found a sparkling altar of Nemelex Xobeh.
  3512 | D:4      | Noticed a phantom
  3546 | D:4      | Killed a phantom
  3546 | D:4      | Reached skill level 5 in Armour
  3546 | D:4      | Reached XP level 7. HP: 35/55 MP: 7/7
  3789 | D:4      | Found a radiant altar of Vehumet.
  3995 | D:4      | Found a staircase to the Ecumenical Temple.
  4000 | Temple   | Entered the Ecumenical Temple
  4063 | Temple   | Became a worshipper of Warmaster Okawaru
  4275 | D:4      | Noticed TheHza's ghost (amateur DsGl)
  4303 | D:4      | Reached skill level 5 in Maces & Flails
  4623 | D:4      | Killed TheHza's ghost
  4623 | D:4      | Reached skill level 5 in Fighting
  5165 | D:5      | Entered Level 5 of the Dungeon
  5168 | D:5      | Noticed a dagger
  5168 | D:5      | Noticed a dagger
  5169 | D:5      | Found a hide-covered altar of Uskayaw.
  5312 | D:5      | Reached XP level 8. HP: 60/62 MP: 8/8
  5412 | D:5      | Killed from afar by an orc priest

Vault maps used:
D:1:      sevenhm_arrival_forest_fort_large_2, minmay_nonomino_d4
D:2:      nicolae_overflow_hidden_temple, marbit_many_paths
D:3:      nicolae_overflow_crystal_walls, minmay_gold_behind_fungi, uniq_terence
D:4:      nemelex_xobeh_ov_fountains_minmay, vehumet_crystals, first_bread,
          kennysheep_cross_bottleneck, item_on_display_a
D:5:      dancing_weapons_uskayaw, overflow_temple_1_default,
          nicolae_ru_awakened_eye
Temple:   nicolae_temple_x_marks_the_god

Skill      XL: |  1  2  3  4  5  6  7 |
---------------+----------------------+-----
Armour         | 4 5 |  5.5
Maces & Flails | 3 4 5 |  5.4
Shields        | 4 5 |  5.6
Fighting       | 4 5 |  5.2

Action                   |  1- 3 |  4- 6 |  7- 9 || total
-------------------------+-------+-------+-------++-------
Melee: Flail             |   139 |   201 |   141 ||   481
  Use: Potion            |       |     7 |       ||     7
  Eat: Chunk             |     2 |     7 |     2 ||    11
       Bread ration      |       |       |     1 ||     1
Armor: Scale mail        |    59 |       |       ||    59
       Chain mail        |     7 |   111 |    60 ||   178
Dodge: Dodged            |    52 |    67 |    36 ||   155
Block: Shield            |    64 |   128 |    66 ||   258
